 Dungeon Crawl Stone Soup version 0.28.0-1-gb440e238dd (webtiles) character file.

Game seed: 6708745832803589741

259 Ablot the Grasshopper (level 6, 0/50 HPs)
             Began as a Gnoll Warper on Feb 27, 2022.
             Was an Initiate of Okawaru.
             Slain by an iguana (13 damage)
             ... on level 4 of the Dungeon.
             The game lasted 00:08:03 (6056 turns).

Ablot the Grasshopper (Gnoll Warper)                Turns: 6056, Time: 00:08:04

Health: 0/50       AC:  4    Str: 10 (13) XL:     6   Next: 17%
Magic:  13/13      EV: 12    Int: 11 (14) God:    Okawaru [......]
Gold:   59         SH:  0    Dex: 10 (11) Spells: 13/15 levels left

rFire   . . .      SeeInvis .   a - +0 spear
rCold   . . .      Faith    .   (no shield)
rNeg    . . .      Spirit   .   b - +0 leather armour
rPois   .          Reflect  .   (helmet restricted)
rElec   .          Harm     .   (no cloak)
rCorr   .          Rampage  .   q - +0 pair of gloves
Will    .....                   (no boots)
Stlth   +.........              (no amulet)
HPRegen 0.16/turn               (no ring)
MPRegen 0.13/turn               (no ring)

@: no status effects
A: fangs 1, strong nose, distributed training, antennae 1, clever 1
a: Renounce Religion


You were on level 4 of the Dungeon.
You worshipped Okawaru.
Okawaru was noncommittal.
You visited 2 branches of the dungeon, and saw 5 of its levels.
You also visited: Sewer.

You collected 83 gold pieces.
You spent 24 gold pieces at shops.

Inventory:

Hand Weapons
 a - a +0 spear (weapon)
 s - a +3 hand crossbow
Missiles
 d - 4 boomerangs of dispersal
 g - 3 atropa-tipped darts
 j - 90 stones
 k - 37 arrows
 t - 11 poisoned darts (quivered)
Armour
 b - a +0 leather armour (worn)
 q - a +0 pair of gloves (worn)
Magical Staves
 o - a staff of cold
Wands
 u - a wand of flame (13)
Scrolls
 c - a scroll of blinking
 e - 3 scrolls of identify {unknown}
 f - 2 scrolls of magic mapping {unknown}
 h - 4 scrolls of enchant armour {unknown}
 i - 2 scrolls of fear {unknown}
 p - a scroll of immolation {unknown}
 w - 2 scrolls of fog {unknown}
 y - a scroll of enchant weapon {unknown}
 z - a scroll of torment {unknown}
 A - a scroll of teleportation {unknown}
Potions
 l - 2 potions of flight {unknown}
 m - a potion of heal wounds
 r - 2 potions of degeneration


   Skills:
 + Level 4.9 Fighting
 + Level 1.8 Short Blades
 + Level 1.8 Long Blades
 + Level 1.8 Axes
 + Level 1.8 Maces & Flails
 + Level 4.9 Polearms
 + Level 1.8 Staves
 + Level 1.8 Slings
 + Level 1.8 Bows
 + Level 1.8 Crossbows
 + Level 3.1 Throwing
 + Level 3.1 Armour
 + Level 4.9 Dodging
 + Level 1.8 Stealth
 + Level 1.8 Shields
 + Level 1.8 Unarmed Combat
 + Level 5.3 Spellcasting
 + Level 1.4 Conjurations
 + Level 1.4 Hexes
 + Level 1.4 Summonings
 + Level 1.4 Necromancy
 + Level 5.6 Translocations
 + Level 1.4 Transmutations
 + Level 1.4 Fire Magic
 + Level 1.4 Ice Magic
 + Level 1.4 Air Magic
 + Level 1.4 Earth Magic
 + Level 1.4 Poison Magic
 + Level 2.0 Invocations
 + Level 1.8 Evocations


You had 13 spell levels left.
You knew the following spells:

 Your Spells              Type           Power      Damage    Failure   Level
a - Blink                 Tloc           30%        N/A       4%          2

Your spell library contained the following spells:

 Spells                   Type           Power      Damage    Failure   Level
 Apportation              Tloc           30%        N/A       2%          1
 Gell's Gravitas          Tloc           15%        N/A       9%          3
 Lesser Beckoning         Tloc           15%        N/A       9%          3
 Teleport Other           Tloc           15%        N/A       9%          3
 Manifold Assault         Tloc           15%        N/A       58%         5
 Animate Skeleton         Necr           Unusable   N/A       N/A         1
 Summon Small Mammal      Summ           Unusable   N/A       N/A         1
 Call Canine Familiar     Summ           Unusable   N/A       N/A         3
 Summon Guardian Golem    Hex/Summ       Unusable   N/A       N/A         3

Dungeon Overview and Level Annotations

Branches:
Dungeon (4/15)             Temple (1/1) D:4           Sewer (visited)

Altars:
Ashenzari
Dithmenos
Elyvilon
Fedhas
Gozag
Hepliaklqana
Kikubaaqudgha
Makhleb
Nemelex Xobeh
Okawaru
Qazlal
Ru
Sif Muna
Trog
Uskayaw
Vehumet
Wu Jian
Xom
Yredelemnul
Zin
The Shining One

Shops:
D:3 (


Innate Abilities, Weirdness & Mutations

You have very sharp teeth.
Your uncanny sense of smell can sniff out nearby items.
Your experience applies equally to all skills.
You have a pair of small antennae on your head.
Your mind is acute. (Int +2)


Message History

You completely miss the iguana. Your bite misses the iguana.
The iguana is moderately wounded.
The iguana barely misses you.
You hit the iguana but do no damage. You bite the iguana, but do no damage.
The iguana is lightly wounded.
You hit the iguana but do no damage.
The iguana is lightly wounded.
The iguana closely misses you.
You hit the iguana. You bite the iguana, but do no damage.
The iguana is moderately wounded.
The iguana barely misses you.
You hit the iguana. Your bite misses the iguana.
The iguana is heavily wounded.
The iguana barely misses you.
You hit the iguana.
The iguana is severely wounded.
The iguana completely misses you.
You closely miss the iguana.
The iguana is severely wounded.
The iguana bites you.
You hit the iguana but do no damage. You bite the iguana, but do no damage.
The iguana is severely wounded.
The iguana closely misses you.
You hit the iguana but do no damage.
The iguana is severely wounded.
The iguana looks more healthy.
You barely miss the iguana.
The iguana is severely wounded.
The iguana closely misses you.
You closely miss the iguana. Your bite misses the iguana.
The iguana is severely wounded.
The iguana bites you!
You closely miss the iguana.
The iguana is severely wounded.
The iguana bites you.
* * * LOW HITPOINT WARNING * * *
You hit the iguana.
The iguana is almost dead.
The iguana bites you!
You die...

... #.. #.# #.. #.# #..
##+# #.# #.# #...# #.# #.#
.....# ####.# #.# ?.....#
##.##.# #..
.......####.....#########..
..K(...'Kl@................
.......####...###########..
......# ##......## ###
.....# #.####..# # #...#
#.# ##.## ### ##+# #.# #..#
###.. #.# #.# ##.###....
#.# #)# #.'...... ##.## #.#
#####....


You could see an iguana and a kobold.

Vanquished Creatures
  A hound (D:4)
  Natasha (twice) (D:3)
  9 adders
  An adder skeleton (D:4)
  4 worms
  A dart slug (D:1)
  3 orcs
  10 endoplasms
  A giant cockroach (D:3)
  A goblin (D:1)
  7 hobgoblins
  4 jackals (D:1)
  10 kobolds
  3 quokkas
  3 ball pythons
  7 bats
  4 frilled lizards
  8 rats
79 creatures vanquished.

Notes
Turn   | Place    | Note
-------+----------+-------------------------------------------
     0 | D:1      | Ablot the Gnoll Warper began the quest for the Orb.
     0 | D:1      | Reached XP level 1. HP: 20/20 MP: 6/6
   237 | D:1      | Reached XP level 2. HP: 26/26 MP: 7/7
   240 | D:1      | Learned a level 2 spell: Blink
   735 | D:1      | Reached XP level 3. HP: 27/31 MP: 9/9
   747 | D:1      | Reached skill level 5 in Spellcasting
   985 | D:2      | Reached skill level 1 in Invocations
  1449 | D:2      | Reached skill level 1 in Short Blades
  1449 | D:2      | Reached skill level 1 in Long Blades
  1449 | D:2      | Reached skill level 1 in Axes
  1449 | D:2      | Reached skill level 1 in Maces & Flails
  1449 | D:2      | Reached skill level 1 in Staves
  1449 | D:2      | Reached skill level 1 in Slings
  1449 | D:2      | Reached skill level 1 in Bows
  1449 | D:2      | Reached skill level 1 in Crossbows
  1449 | D:2      | Reached skill level 1 in Stealth
  1449 | D:2      | Reached skill level 1 in Shields
  1449 | D:2      | Reached skill level 1 in Unarmed Combat
  1449 | D:2      | Reached skill level 1 in Evocations
  1454 | D:2      | Found a faded altar of an unknown god.
  1479 | D:2      | You fall into a shaft and drop 1 floor!
  1529 | D:3      | Reached XP level 4. HP: 38/38 MP: 11/11
  1647 | D:3      | Noticed Natasha
  1664 | D:3      | Killed Natasha
  1665 | D:3      | Reached skill level 1 in Conjurations
  1665 | D:3      | Reached skill level 1 in Hexes
  1665 | D:3      | Reached skill level 1 in Summonings
  1665 | D:3      | Reached skill level 1 in Necromancy
  1665 | D:3      | Reached skill level 1 in Transmutations
  1665 | D:3      | Reached skill level 1 in Fire Magic
  1665 | D:3      | Reached skill level 1 in Ice Magic
  1665 | D:3      | Reached skill level 1 in Air Magic
  1665 | D:3      | Reached skill level 1 in Earth Magic
  1665 | D:3      | Reached skill level 1 in Poison Magic
  1965 | D:3      | Found Nirixtet's Weapon Shop.
  1983 | D:3      | Noticed Natasha
  2535 | D:2      | Found a white marble altar of Elyvilon.
  2546 | D:2      | Became a worshipper of Elyvilon the Healer
  2846 | D:2      | Reached XP level 5. HP: 13/43 MP: 9/12
  3792 | D:3      | Bought 5 poisoned darts for 24 gold pieces
  3878 | D:3      | Killed Natasha
  4177 | D:4      | Reached * piety under Elyvilon
  4561 | D:4      | Found a glowing drain.
  4597 | Sewer    | Entered a sewer
  4643 | Sewer    | Reached XP level 6. HP: 50/50 MP: 13/13
  5427 | Sewer    | Gained mutation: You have a pair of small antennae on your
                  | head. [potion of mutation]
  5427 | Sewer    | Gained mutation: Your mind is acute. (Int +2) [potion of
                  | mutation]
  5452 | D:4      | Found a staircase to the Ecumenical Temple.
  5458 | Temple   | Entered the Ecumenical Temple
  5772 | Temple   | Fell from the grace of Elyvilon
  5772 | Temple   | Became a worshipper of Warmaster Okawaru
  5994 | D:4      | Found a hazy altar of Hepliaklqana.
  6000 | D:4      | Found a shimmering blue altar of Sif Muna.
  6003 | D:4      | Found a stormy altar of Qazlal.
  6056 | D:4      | Slain by an iguana

Illustrated notes

Levels and vault maps discovered:
D:1:      eino_arrival_cavern_d, layout_rooms
D:2:      layout_loops_corners, basic_altar, chequers_ecumenical_altar_island
D:3:      cheibrodos_pilgrimage, layout_loops_ring, serial_shops, shop,
          hangedman_decor_riveting, uniq_natasha
D:4:      layout_loops_corners, minmay_overflow_temple_star_quad,
          minmay_temple_entry_trees, cheibrodos_sewer_entry_sluice
Temple:   dpeg_five_rooms_temple

Skill      XL: |  1  2  3  4  5 |
---------------+----------------+-----
Spellcasting   | 5 |  5.3
Invocations    | 1 2 |  2.0
Short Blades   | 1 |  1.8
Long Blades    | 1 |  1.8
Axes           | 1 |  1.8
Maces & Flails | 1 |  1.8
Staves         | 1 |  1.8
Slings         | 1 |  1.8
Bows           | 1 |  1.8
Crossbows      | 1 |  1.8
Stealth        | 1 |  1.8
Shields        | 1 |  1.8
Unarmed Combat | 1 |  1.8
Evocations     | 1 |  1.8
Conjurations   | 1 |  1.4
Hexes          | 1 |  1.4
Summonings     | 1 |  1.4
Necromancy     | 1 |  1.4
Transmutations | 1 |  1.4
Fire Magic     | 1 |  1.4
Ice Magic      | 1 |  1.4
Air Magic      | 1 |  1.4
Earth Magic    | 1 |  1.4
Poison Magic   | 1 |  1.4
Throwing       | 3 |  3.1
Armour         | 3 |  3.1
Fighting       | |  4.9
Polearms       | |  4.9
Dodging        | |  4.9
Translocations | |  5.6

Action                   |  1- 3 |  4- 6 || total
-------------------------+-------+-------++-------
Melee: Spear             |   125 |   305 ||   430
       Bite              |     8 |    35 ||    43
       Punch             |       |     4 ||     4
Throw: Boomerang         |       |     1 ||     1
       Dart              |       |     4 ||     4
 Cast: Blink             |       |     2 ||     2
  Use: Potion            |       |     6 ||     6
 Stab: Sleeping          |     1 |     5 ||     6
Armor: Leather armour    |    20 |    35 ||    55
Dodge: Dodged            |    36 |   127 ||   163
